 Dungeon Crawl Stone Soup version 0.28.0-53-g5a82cb258f (webtiles) character file.

Game seed: 6318825104434676846

128 lonewolfV2 the Skirmisher (level 4, 0/35 HPs)
             Began as a Demonspawn Fighter on May 23, 2022.
             Slain by a gnoll
             ... wielding a +0 halberd
              (8 damage)
             ... on level 3 of the Dungeon.
             The game lasted 00:03:45 (2073 turns).

lonewolfV2 the Skirmisher (Demonspawn Fighter)      Turns: 2073, Time: 00:03:46

Health: 0/35       AC:  7    Str: 19    XL:     4   Next: 86%
Magic:  4/4        EV:  9    Int:  9    God:
Gold:   108        SH:  4    Dex: 12    Spells: 3/3 levels left

rFire   . . .      SeeInvis .   a - +0 war axe
rCold   . . .      Faith    .   c - +0 buckler
rNeg    . . .      Spirit   .   b - +1 scale mail
rPois   .          Reflect  .   (no helmet)
rElec   .          Harm     .   (no cloak)
rCorr   .          Rampage  .   (no gloves)
Will    .....                   (no boots)
Stlth   ..........              (no amulet)
HPRegen 0.11/turn               (no ring)
MPRegen 0.18/turn               (no ring)

@: no status effects
A: magic regeneration
a: no special abilities


You were on level 3 of the Dungeon.
You visited 1 branch of the dungeon, and saw 3 of its levels.

You collected 108 gold pieces.

Inventory:

Hand Weapons
 a - a +0 war axe (weapon)
Armour
 b - a +1 scale mail (worn)
 c - a +0 buckler (worn)
Jewellery
 e - a ring of protection from cold
Scrolls
 g - a scroll of identify
Potions
 d - a potion of attraction {unknown}
 f - 2 potions of invisibility {unknown}
 h - a potion of mutation {unknown}
 j - a potion of ambrosia {unknown}
 k - 2 potions of curing {unknown}


   Skills:
 + Level 3.4 Fighting
 + Level 3.1 Axes
 + Level 3.4 Armour
 + Level 0.7 Dodging
 + Level 3.2 Shields


You had 3 spell levels left.
You didn't know any spells.
Your spell library contained the following spells:

 Spells                   Type           Power      Damage    Failure   Level
 Blink                    Tloc           0%         N/A       94%         2
 Lesser Beckoning         Tloc           0%         N/A       99%         3
 Manifold Assault         Tloc           0%         N/A       100%        5


Dungeon Overview and Level Annotations

Branches:
Dungeon (3/15)

Altars:


Innate Abilities, Weirdness & Mutations

You regenerate magic rapidly.


Message History

You block the gnoll's attack. The adder bites you.
You are poisoned.
The adder poisons you! The gnoll misses you.
The adder bites you but does no damage.
You barely miss the adder.
The adder is severely wounded.
You feel sick. The adder bites you but does no damage.
The gnoll closely misses you.
You hit the adder but do no damage.
The adder is severely wounded.
You feel sick. The adder barely misses you.
The gnoll hits you but does no damage. The adder bites you but does no damage.
Unknown command.
Blink to where?
Press: ? - help, Dir - move target
As you read the scroll labelled DAOXTIAPLI, it crumbles to dust.
It was a scroll of blinking.
You feel sick.
You feel sick.
You feel sick.
You are no longer poisoned.
You block the adder's attack. The adder completely misses you.
The adder bites you.
* * * LOW HITPOINT WARNING * * *
You are poisoned.
The adder poisons you!
You feel sick.
You feel sick.
You feel sick. The adder bites you but does no damage.
You feel sick.
You are no longer poisoned.
The adder barely misses you. The adder bites you but does no damage.
You block the adder's attack. The adder closely misses you.
You block the adder's attack. The adder bites you but does no damage.
The adder barely misses you. You block the adder's attack.
The gnoll closely misses you.
The gnoll hits you from afar with a +0 halberd!
You die...

#.# #.# .#.## #.# #.#
....#.# #.######
#.##g.....#
#......####.ยง)g......
#......'.#####.......
#......#+#### .......
#####.gg....# .....##
#....S..# ######
#....@..# #.......#
#.......# #.......#
####'#### #.# #.#
#.#############
#.............#


You could see 2 gnolls and an adder.

Vanquished Creatures
  Jessica (D:2)
  Robin (D:2)
  A gnoll (D:3)
  2 adders (D:2)
  A worm (D:2)
  10 ball pythons
  3 endoplasms
  3 giant cockroaches
  16 goblins
  6 hobgoblins
  4 kobolds
  2 quokkas
  2 bats (D:1)
  A frilled lizard (D:1)
  4 rats
57 creatures vanquished.

Notes
Turn   | Place    | Note
-------+----------+-------------------------------------------
     0 | D:1      | lonewolfV2 the Demonspawn Fighter began the quest for the
                  | Orb.
     0 | D:1      | Reached XP level 1. HP: 18/18 MP: 1/1
   190 | D:1      | Gained mutation: You regenerate magic rapidly. [demonic
                  | ancestry]
   190 | D:1      | Reached XP level 2. HP: 23/24 MP: 2/2
   763 | D:2      | Reached XP level 3. HP: 27/29 MP: 3/3
  1080 | D:2      | Noticed Jessica
  1089 | D:2      | Killed Jessica
  1090 | D:2      | Reached XP level 4. HP: 33/35 MP: 4/4
  1193 | D:2      | Noticed Robin
  1208 | D:2      | Killed Robin
  1457 | D:2      | Found a faded altar of an unknown god.
  2073 | D:3      | Slain by a gnoll

Illustrated notes

Levels and vault maps discovered:
D:1:      grunt_arrival_lava_bath, layout_loops_ring
D:2:      minmay_chambers_of_ones, layout_loops_cross, basic_ecumenical_altar,
          uniq_robin, uniq_jessica
D:3:      layout_basic, kennysheep_orc_chapel

Skill      XL: |  1  2  3  4 |
---------------+-------------+-----
Armour         | 3 |  3.4
Axes           | 2 3 |  3.1
Shields        | 3 |  3.2
Fighting       | |  3.4
Dodging        | |  0.7

Action                   |  1- 3 |  4- 6 || total
-------------------------+-------+-------++-------
Melee: War axe           |   121 |    66 ||   187
  Use: Scroll            |       |     5 ||     5
       Potion            |       |     2 ||     2
Armor: Scale mail        |    76 |    39 ||   115
Dodge: Dodged            |    70 |    67 ||   137
Block: Buckler           |    41 |    28 ||    69
